 Dungeon Crawl Stone Soup version 0.21-a0-472-g223bcb9 (webtiles) character file.

130 slep the Slasher (level 5, -1/43 HPs)
             Began as a Barachi Monk on Nov 22, 2017.
             Slain by a gnoll
             ... wielding a +0 spear
              (5 damage)
             ... on level 3 of the Dungeon.
             The game lasted 00:08:09 (2187 turns).

slep the Slasher (Barachi Monk)                     Turns: 2187, Time: 00:08:09

Health: -1/43      AC:  5    Str: 13    XL:     5   Next: 13%
Magic:  5/5        EV: 12    Int: 10    God:
Gold:   146        SH:  4    Dex: 15    Spells: 4/4 levels left

rFire    . . .     SeeInvis +   a - +0 falchion
rCold    . . .     Gourm    .   (no shield)
rNeg     . . .     Faith    .   m - +0 ring mail
rPois    .         Spirit   .   (no helmet)
rElec    .         Reflect  +   (no cloak)
rCorr    .         Harm     .   (no gloves)
MR       .....                  (no boots)
Stlth    +.........             e - +4 amulet of reflection (curse)
HPRegen  0.14/turn              l - ring of see invisible
MPRegen  0.09/turn              p - ring of flight

@: flying, slow
A: +LOS, swims, slowness 1, strong legs 1
a: Hop


You were on level 3 of the Dungeon.
You were hungry.

You visited 1 branch of the dungeon, and saw 3 of its levels.

You collected 146 gold pieces.

Inventory:

Hand Weapons
 a - a +0 falchion (weapon)
 k - a +3 dagger
 o - a +1 hunting sling of flaming
Missiles
 x - 43 stones (quivered)
Armour
 b - a +0 robe
 m - a +0 ring mail (worn)
Jewellery
 e - a cursed +4 amulet of reflection (around neck)
 l - a ring of see invisible (left hand)
 p - a ring of flight (right hand)
Wands
 s - a wand of flame (34)
Scrolls
 f - a scroll of enchant weapon {unknown}
 g - 2 scrolls of amnesia {unknown}
 i - 2 scrolls of remove curse {unknown}
 j - a scroll of noise {unknown}
 q - a scroll of identify {unknown}
 r - a scroll of teleportation {unknown}
 v - a scroll of magic mapping {unknown}
 y - a scroll of immolation {unknown}
Potions
 w - a potion of magic {unknown}
Books
 d - a book of Misfortune

   Spells                             Type                      Level
   a - Confusing Touch                Hexes                        1
   b - Confuse                        Hexes                        3
   c - Gell's Gravitas                Translocation                3
   d - Petrify                        Transmutation/Earth          4
   e - Metabolic Englaciation         Hexes/Ice                    5
   f - Yara's Violent Unravelling     Hexes/Transmutation          5
Comestibles
 c - a bread ration
 n - a chunk of flesh
 t - a meat ration
 u - a royal jelly


   Skills:
 + Level 4.3 Fighting
 + Level 5.3 Long Blades
 + Level 1.1 Armour
 + Level 3.9 Dodging
 + Level 2.3 Stealth


You had 4 spell levels left.
You didn't know any spells.

Dungeon Overview and Level Annotations

Branches:
Dungeon (3/15)

Altars:
Cheibriados


Innate Abilities, Weirdness & Mutations

Shadows flee at your approach. (+LOS)
You can swim through water.
You cover ground slowly.
You can hop short distances.


Message History

The gnoll misses you.
You hit the gnoll but do no damage.
The gnoll is heavily wounded.
The gnoll completely misses you. The gnoll closely misses you.
You riposte.
You closely miss the gnoll.
The gnoll is heavily wounded.
It was a potion of flight.
You feel very buoyant.
You fly up into the air.
The gnoll hits you but does no damage.
You hit the gnoll.
The gnoll is almost dead.
The gnoll hits you with a flail.
* * * LOW HITPOINT WARNING * * *
You block the gnoll's attack.
You hit the gnoll but do no damage.
The gnoll is almost dead.
The gnoll closely misses you.
You riposte.
You hit the gnoll but do no damage.
The gnoll is almost dead.
The gnoll hits you from afar with a spear.
You die...

## .# . .# . . .. .. .#. #....
###.. ..... #...###....# #..
#........... #..# #.g...# ...#
#@#..## #..# #.#..# ..
#..##g#††#####... #.#
#...g...g..g.... #.#
##.............. .
##.######................ ..
..................##.... ..
#.###..............>#... #.
######.#....................####.


You could see 3 gnolls.

Vanquished Creatures
  A gnoll (D:3)
  3 adders
  An ooze (D:1)
  3 worms
  2 dart slugs
  A leopard gecko (D:2)
  An orc (D:3)
  6 bats
  3 giant cockroaches
  10 goblins
  9 hobgoblins
  6 jackals (D:2)
  2 quokkas
  4 frilled lizards
  2 kobolds (D:1)
  20 rats
74 creatures vanquished.

Vanquished Creatures (others)
  A goblin (D:2)
1 creature vanquished.

Grand Total: 75 creatures vanquished

Notes
Turn   | Place    | Note
-------+----------+-------------------------------------------
     0 | D:1      | slep the Barachi Monk began the quest for the Orb.
     0 | D:1      | Reached XP level 1. HP: 18/18 MP: 1/1
   164 | D:1      | Reached XP level 2. HP: 22/25 MP: 2/2
   202 | D:1      | Reached skill level 4 in Long Blades
   477 | D:1      | Reached XP level 3. HP: 22/30 MP: 3/3
  1147 | D:2      | Reached XP level 4. HP: 13/37 MP: 4/4
  1472 | D:2      | Found a snail-covered altar of Cheibriados.
  1972 | D:3      | Reached skill level 5 in Long Blades
  2159 | D:3      | Reached skill level 1 in Armour
  2159 | D:3      | Reached XP level 5. HP: 30/43 MP: 5/5
  2187 | D:3      | Slain by a gnoll

Vault maps used:
D:1:      lemuel_arrival_behind_the_door_large, minmay_rat_gold_closets
D:2:      kennysheep_slug_shrine
D:3:      first_bread, eino_tiny_chamber, uniq_robin

Skill      XL: |  1  2  3  4 |
---------------+-------------+-----
Fighting       | 4 |  4.3
Long Blades    | 4 5 |  5.3
Stealth        | 2 |  2.3
Armour         | 1 |  1.1
Dodging        | |  3.9

Action                   |  1- 3 |  4- 6 || total
-------------------------+-------+-------++-------
Melee: Falchion          |   117 |   134 ||   251
  Use: Potion            |       |     2 ||     2
 Stab: Sleeping          |     5 |     2 ||     7
  Eat: Chunk             |     1 |     4 ||     5
Armor: Robe              |    13 |       ||    13
       Ring mail         |    11 |    38 ||    49
Dodge: Dodged            |    75 |    71 ||   146
Block: Other             |    18 |    33 ||    51
       Reflection        |     2 |       ||     2
       Rpst.: Falchion   |    23 |    19 ||    42

Table legend:
 A = Spawn XP
 B = Non-spawn XP
 C = Spawn XP percentage of total XP
 D = Spawn monster count
 E = Non-spawn monster count
 F = Spawn count percentage of total count
 G = Total turns spent on level
                    A         B        C        D         E        F      G
               +---------+---------+-------+---------+---------+-------+---------
         Total |       0 |     186 |   0.0 |       0 |      75 |   0.0 |  2187
               +---------+---------+-------+---------+---------+-------+---------
           D:1 |       0 |      50 |   0.0 |       0 |      30 |   0.0 |   953
           D:2 |       0 |      87 |   0.0 |       0 |      32 |   0.0 |   995
           D:3 |       0 |      49 |   0.0 |       0 |      13 |   0.0 |   239
               +---------+---------+-------+---------+---------+-------+---------
